 Dungeon Crawl Stone Soup version 0.28.0-53-g5a82cb258f (webtiles) character file.

Game seed: 18118432534513773767

76 ILmort the Skirmisher (level 4, 0/42 HPs)
             Began as a Minotaur Fighter on Aug 7, 2022.
             Killed by nerve-wracking pain
             ... invoked by an orc priest
              (8 damage)
             ... on level 2 of the Dungeon.
             The game lasted 00:05:00 (1511 turns).

ILmort the Skirmisher (Minotaur Fighter)            Turns: 1511, Time: 00:05:00

Health: 0/42       AC: 10    Str: 22    XL:     4   Next: 12%
Magic:  3/3        EV:  7    Int:  5    God:
Gold:   88         SH:  5    Dex: 10    Spells: 3/3 levels left

rFire   . . .      SeeInvis .   a - +0 flail
rCold   + . .      Faith    .   e - +1 buckler {rC+}
rNeg    . . .      Spirit   .   j - +0 chain mail
rPois   .          Reflect  .   (helmet restricted)
rElec   .          Harm     .   (no cloak)
rCorr   .          Rampage  .   g - +0 pair of gloves
Will    .....                   (no boots)
Stlth   ..........              (no amulet)
HPRegen 0.14/turn               (no ring)
MPRegen 0.08/turn               (no ring)

@: no status effects
A: horns 2, retaliatory headbutt
a: no special abilities


You were on level 2 of the Dungeon.
You visited 1 branch of the dungeon, and saw 2 of its levels.

You collected 88 gold pieces.

Inventory:

Hand Weapons
 a - a +0 flail (weapon)
Armour
 e - a +1 buckler of cold resistance (worn)
 g - a +0 pair of gloves (worn)
 j - a +0 chain mail (worn)
Potions
 d - a potion of might
 f - a potion of ambrosia {unknown}
 h - a potion of cancellation {unknown}
 i - a potion of curing {unknown}


   Skills:
 + Level 5.0 Fighting
 + Level 4.1 Maces & Flails
 - Level 3.6 Armour
 - Level 3.6 Shields


You had 3 spell levels left.
You didn't know any spells.
Your spell library contained the following spells:

 Spells                   Type           Power      Damage    Failure   Level
 Fireball                 Conj/Fire      0%         3d3       100%        5
 Starburst                Conj/Fire      0%         6d3       100%        6
 Ignition                 Fire           0%         3d3       100%        8


Dungeon Overview and Level Annotations

Branches:
Dungeon (2/15)

Altars:


Innate Abilities, Weirdness & Mutations

You have a pair of horns on your head.
You reflexively headbutt those who attack you in melee.


Message History

You barely miss the orc. You headbutt the orc.
You kill the orc!
You hear some strange, mumbled words.
A puff of flame appears from out of thin air!
The puff of flame hits you.
The orc priest looks encouraged for a moment.
Something hits you. The orc hits you but does no damage.
Your Fighting skill increases to level 5!
You closely miss something. Something hits you.
You miss something. Your headbutt misses something.
You hear some strange, mumbled words.
A magic dart appears from out of thin air!
The magic dart hits you! The orc hits you but does no damage.
The orc priest hits you with a +0 flail.
You hit something but do no damage.
You hear some strange, mumbled words.
A magic dart appears from out of thin air!
The magic dart hits you.
* * * LOW HITPOINT WARNING * * *
The orc hits you but does no damage.
The orc priest hits you but does no damage.
You sock the orc!
You kill the orc!
Something hits you.
* * * LOW HITPOINT WARNING * * *
The orc priest hits you but does no damage.
You hear some strange, mumbled words.
A magic dart appears from out of thin air!
The magic dart hits you but does no damage.
You miss something. The orc priest closely misses you.
Something hits you but does no damage.
The orc priest hits you with a +0 flail.
* * * LOW HITPOINT WARNING * * *
You hit something. You headbutt something.
You hear some strange, mumbled words.
A magic dart appears from out of thin air!
The magic dart hits you but does no damage.
The orc priest mumbles some strange prayers to Beogh against you.
Pain shoots through your body!
You die...

#. #. #. #.
#o #J #o###
#)@{# ###.#
#.# #.# #.#
#.# #.#
####.#
#######.##.#


You could see an orc priest, an orc and an endoplasm.

Vanquished Creatures
  3 adders (D:2)
  2 orcs (D:2)
  4 bats
  5 endoplasms (D:1)
  A giant cockroach (D:2)
  4 goblins
  6 hobgoblins
  4 kobolds
  4 quokkas
  6 ball pythons
  2 frilled lizards
  4 rats
45 creatures vanquished.

Notes
Turn   | Place    | Note
-------+----------+-------------------------------------------
     0 | D:1      | ILmort the Minotaur Fighter began the quest for the Orb.
     0 | D:1      | Reached XP level 1. HP: 19/19 MP: 0/0
   294 | D:1      | Found a faded altar of an unknown god.
   340 | D:1      | Reached skill level 4 in Fighting
   340 | D:1      | Reached XP level 2. HP: 27/27 MP: 1/1
  1007 | D:1      | Reached XP level 3. HP: 34/34 MP: 2/2
  1412 | D:2      | Reached XP level 4. HP: 41/41 MP: 3/3
  1506 | D:2      | Reached skill level 5 in Fighting
  1511 | D:2      | Killed from afar by an orc priest

Illustrated notes

Levels and vault maps discovered:
D:1:      dpeg_arrival_castle, layout_loops_ring,
          hellmonk_ecumenical_altar_zigzags
D:2:      minmay_spotlight, layout_loops_ring, ebering_dispersal_statue_hall

Skill      XL: |  1  2  3  4 |
---------------+-------------+-----
Fighting       | 4 5 |  5.0
Maces & Flails | 3 4 |  4.1
Armour         | |  3.6
Shields        | |  3.6

Action                   |  1- 3 |  4- 6 || total
-------------------------+-------+-------++-------
Melee: Flail             |   103 |    14 ||   117
       Headbutt          |    16 |     3 ||    19
Armor: Scale mail        |    41 |     1 ||    42
       Chain mail        |       |    13 ||    13
Dodge: Dodged            |    45 |     1 ||    46
Block: Buckler           |    23 |     3 ||    26
